 Dungeon Crawl Stone Soup version 0.28.0-53-g5a82cb258f (console) character file.

Game seed: 12871754506149571307

16500 erker the Transmogrifier (level 12, -23/171 HPs)
             Began as an Octopode Earth Elementalist on Aug 3, 2022.
             Was an Initiate of Gozag.
             Annihilated by a wolf spider (24 damage)
             ... in a Gauntlet.
             The game lasted 01:11:26 (17987 turns).

erker the Transmogrifier (OpEE)                    Turns: 17987, Time: 01:11:27

Health: -23/171    AC: 26    Str: 12    XL:     12   Next: 38%
Magic:  21/21      EV:  2    Int: 30    God:    Gozag
Gold:   1865       SH:  3    Dex: 13    Spells: 12/23 levels left

rFire   + . .      SeeInvis +   N - +6 rapier {flame, *Rage rF+ Str+4 Int+3}
rCold   . . .      Faith    .   o - +0 buckler
rNeg    . . .      Spirit   .   (helmet currently unavailable)
rPois   +          Reflect  .   r - amulet of magic regeneration
rElec   .          Harm     .   f - +6 ring of intelligence
rCorr   .          Rampage  .   D - ring of see invisible
Will    .....      Rage     20% (no ring)
Stlth   .......... NoTele   +   (no ring)
HPRegen 0.38/turn               (no ring)
MPRegen 0.57/turn               (no ring)
                                (no ring)
                                (no ring)

@: berserking, lethally poisoned (-23 -> -31), tree-form, very quick
A: stationary, stasis, torment immunity, boosted hp, almost no armour,
(amphibious), 8 rings, (camouflage 1), (gelatinous body 1), (nimble swimmer 1),
(tentacles)
a: Renounce Religion, Potion Petition, Call Merchant, Bribe Branch


You were in a Gauntlet.
You worshipped Gozag.
Gozag was most pleased with you.
You were a tree.
You visited 2 branches of the dungeon, and saw 14 of its levels.
You also visited: Sewer and Gauntlet.

You collected 2253 gold pieces.
You spent 339 gold pieces at shops.
You paid 49 gold pieces to Gozag.

Inventory:

Hand Weapons
 a - a +0 dagger
 N - the +6 rapier "Killer Klown's Foe" (weapon) {flame, *Rage rF+ Str+4 Int+3}
   (You took it off an orc wizard on level 11 of the Dungeon)

   It burns those it strikes, dealing additional fire damage.
   Str:       It affects your strength (+4).
   Int:       It affects your intelligence (+3).
   rF:        It protects you from fire.
   *Rage:     It berserks you when you make melee attacks (+20% chance).
Missiles
 b - 101 stones
 n - 2 atropa-tipped darts
 t - a throwing net
 B - 19 poisoned darts (quivered)
 F - 2 datura-tipped darts
Armour
 o - a +0 buckler (worn)
Magical Staves
 h - a staff of fire
 O - a staff of air
 S - a staff of cold
Jewellery
 f - a +6 ring of intelligence (left branch)
 r - an amulet of magic regeneration (around neck)
 D - a ring of see invisible (right branch)
 L - an amulet of faith
 R - a ring of resist corrosion
Wands
 v - a wand of flame (16)
 E - a wand of iceblast (6)
 G - a wand of paralysis (6)
 H - a wand of acid (4)
 M - a wand of charming (5)
 Q - a wand of polymorph (3)
Scrolls
 c - 4 scrolls of enchant armour
 e - 4 scrolls of teleportation
 i - a scroll of silence {unknown}
 k - 2 scrolls of blinking
 l - 3 scrolls of amnesia
 s - a scroll of brand weapon {unknown}
 u - 2 scrolls of vulnerability
 w - 5 scrolls of immolation
 y - a scroll of fear {unknown}
 C - a scroll of torment
 K - a scroll of enchant weapon
Potions
 d - 4 potions of cancellation
 g - a potion of lignification
 j - 2 potions of flight
 m - a potion of might {unknown}
 p - 2 potions of curing
 q - 3 potions of attraction
 x - 2 potions of degeneration {unknown}
 z - 2 potions of mutation {unknown}
 A - 2 potions of berserk rage {unknown}
 J - 2 potions of brilliance {unknown}
 P - a potion of heal wounds
Miscellaneous
 I - a phial of floods


   Skills:
 + Level 4.9 Fighting
 - Level 4.0 Short Blades
 + Level 3.4 Dodging
 + Level 9.1 Stealth
 - Level 6.0 Spellcasting
 - Level 4.0 Hexes
 + Level 2.5 Translocations
 + Level 12.3 Transmutations
 + Level 10.4 Earth Magic


You had 12 spell levels left.
You knew the following spells:

 Your Spells              Type           Power      Damage    Failure   Level
a - Sandblast             Erth           100%       2d20      1%          1
c - Confusing Touch       Hex            33%        N/A       4%          3
p - Petrify               Tmut/Erth      67%        N/A       1%          4
w - Passwall              Tmut/Erth      55%        N/A       1%          2
x - Apportation           Tloc           48%        N/A       2%          1

Your spell library contained the following spells:

 Spells                   Type           Power      Damage    Failure   Level
 Stone Arrow              Conj/Erth      80%        3d12      2%          3
 Ensorcelled Hibernation  Hex/Ice        42%        N/A       4%          2
 Animate Skeleton         Necr           18%        N/A       7%          1
 Pain                     Necr           36%        1d5       7%          1
 Yara's Violent Unravell  Hex/Tmut       27%        3d12      7%          5
 Gell's Gravitas          Tloc           24%        N/A       8%          3
 Lesser Beckoning         Tloc           24%        N/A       8%          3
 Teleport Other           Tloc           24%        N/A       8%          3
 Corpse Rot               Necr/Air       18%        N/A       11%         2
 Poisonous Vapours        Pois/Air       18%        N/A       11%         2
 Alistair's Intoxication  Tmut/Pois      30%        N/A       16%         5
 Swiftness                Air            9%         N/A       22%         3
 Vampiric Draining        Necr           9%         2d6       22%         3
 Borgnjor's Vile Clutch   Necr/Erth      20%        N/A       24%         5
 Animate Dead             Necr           4%         N/A       56%         4
 Eringya's Noxious Bog    Tmut/Pois      22%        N/A       65%         6
 Dispersal                Tloc           12%        N/A       98%         6
 Conjure Ball Lightning   Conj/Air       4%         3x3d6     100%        6
 Death Channel            Necr           4%         N/A       100%        6
 Enfeeble                 Hex            16%        N/A       100%        7
 Discord                  Hex            16%        N/A       100%        8
 Disjunction              Tloc           12%        N/A       100%        8


Dungeon Overview and Level Annotations

Branches:
Dungeon (13/15)            Temple (1/1) D:4            Lair (0/6) D:10
    Orc (0/2) D:10          Sewer (visited)         Gauntlet (1/1)
 Vaults: D:13-14

Altars:
Ashenzari
Cheibriados
Dithmenos
Elyvilon
Fedhas
Gozag
Hepliaklqana
Kikubaaqudgha
Makhleb
Nemelex Xobeh
Okawaru
Qazlal
Ru
Sif Muna
Trog
Uskayaw
Vehumet
Wu Jian
Xom
Yredelemnul
Zin
The Shining One

Shops:
D:8 *   D:9 [?   D:11 (

Portals:
Trove: D:11 (give 6 scrolls of blinking)

Annotations:
D:10 Josephine Gauntlet 12 transporters


Innate Abilities, Weirdness & Mutations

You are a tree.
Your roots penetrate the ground, keeping you stationary.
You cannot be teleported.
You are immune to unholy pain and torment.
Your maximum health is greatly increased.
You cannot wear most types of armour.
((You are amphibious.))
You can wear up to eight rings at the same time.
((Your skin changes colour to match your surroundings (Stealth+).))
((Your rubbery body absorbs attacks. (AC +1, EV +1)))
((You are camouflaged when in or above water. (Stealth+)))
((You have tentacles for arms and can constrict up to eight enemies at once.))


Message History

You block the redback's attack. The redback bites you!
The wolf spider hits you!
* * * LOW HITPOINT WARNING * * *
The wolf spider bites you but does no damage.
You puncture the wolf spider! You burn the wolf spider.
The wolf spider is heavily wounded.
You feel sick.
The redback bites you but does no damage.
The wolf spider hits you but does no damage.
The wolf spider bites you but does no damage.
The redback bites you.
* * * LOW HITPOINT WARNING * * *
The moth of wrath goads the redback on!
The redback goes berserk!
The redback bites you but does no damage.
You closely miss the wolf spider.
The wolf spider is heavily wounded.
You feel very sick. The wolf spider hits you.
* * * LOW HITPOINT WARNING * * *
The wolf spider bites you but does no damage.
The redback completely misses you.
The redback bites you but does no damage.
The wolf spider hits you.
* * * LOW HITPOINT WARNING * * *
The wolf spider bites you!
* * * LOW HITPOINT WARNING * * *
The redback bites you but does no damage.
You are too berserk!
You hit the wolf spider. You burn the wolf spider.
The wolf spider is severely wounded.
You feel sick. The redback bites you.
* * * LOW HITPOINT WARNING * * *
The wolf spider hits you!
* * * LOW HITPOINT WARNING * * *
The wolf spider bites you but does no damage.
The redback barely misses you. The redback bites you!
* * * LOW HITPOINT WARNING * * *
The wolf spider hits you!!
You die...
Your body crumbles into a pile of gold.

................................§
................................§
##########.###########.##########
..=.©[(..#.##.=.©[?.##.#bb)[©.!..
.........#.#.#.....#^#.#h^^#.#.^.
..#...#..#.#..#...#^.#.#....#..^.
.........#.#...#.#...#.#.#..#..#.
....©....#.#...^#^...#.#^#######.
.........#.#...#♣#...#.#.#.©#..#.
..#...#.b#.#..#sss#..#.#....#h...
.......bh#.#.#..y..#.#.#...###...
.......bt#.##.......##.#b........
#################################
...#©...........©...........©#≈≈≈
...#############.################
#..............#.#≈≈8≈≈#©........
#..............#.################


You could see a wolf spider (berserk), a moth of wrath and 2 redbacks.

Vanquished Creatures
  Snorg (D:11)
  A boulder beetle (D:12)
  A centaur warrior (D:11)
  3 two-headed ogres
  2 ugly things
  A cyclops (D:12)
  2 manticores
  A black mamba (shapeshifter) (D:13)
  A gargoyle (D:12)
  A kobold demonologist (D:11)
  2 trolls
  9 slime creatures
  2 wraiths (D:10)
  6 yaks
  2 vampires (D:11)
  2 shadows
  3 steam dragons
  A wyvern (D:9)
  A basilisk (D:11)
  A chaos spawn (Gauntlet)
  4 vampire mosquitoes (D:10)
  2 acid dragons
  8 orc warriors
  4 sky beasts
  Pargi (Sewer)
  2 ogres
  2 centaurs
  2 necrophages (D:7)
  2 kobold brigands
  4 bullfrogs
  3 scorpions
  A gnoll sergeant (D:8)
  2 wyvern skeletons (D:7)
  5 killer bees (D:7)
  10 wights
  10 howler monkeys
  2 bullfrog zombies
  4 centaur zombies
  2 jellies
  2 hounds
  A centaur skeleton (D:6)
  7 orc priests
  A gnoll shaman (D:5)
  An iguana (D:6)
  13 orc wizards
  A killer bee zombie (D:7)
  A mummy (D:7)
  10 gnolls
  8 adders
  2 river rats (D:4)
  A white imp (D:7)
  An ufetubus (D:5)
  5 dart slugs
  4 worms
  59 orcs
  6 endoplasms
  4 giant cockroaches
  3 goblins
  5 hobgoblins
  17 kobolds
  4 quokkas
  5 ball pythons
  4 bats
  2 frilled lizards
  10 rats
290 creatures vanquished.

Vanquished Creatures (others)
  10 fungi (Gauntlet)
  14 plants (Gauntlet)
  5 withered plants (D:7)
29 creatures vanquished.

Grand Total: 319 creatures vanquished

Notes
Turn   | Place    | Note
-------+----------+-------------------------------------------
     0 | D:1      | erker the Octopode Earth Elementalist began the quest for
                  | the Orb.
     0 | D:1      | Reached XP level 1. HP: 11/11 MP: 3/3
   166 | D:1      | Reached XP level 2. HP: 13/17 MP: 0/5
   445 | D:1      | Reached skill level 1 in Short Blades
   832 | D:1      | Reached XP level 3. HP: 21/21 MP: 6/6
  1124 | D:1      | Found a faded altar of an unknown god.
  2022 | D:3      | Reached XP level 4. HP: 27/27 MP: 7/7
  2220 | D:3      | Reached skill level 2 in Transmutations
  2281 | D:3      | Learned a level 2 spell: Passwall
  2286 | D:3      | Learned a level 4 spell: Petrify
  2623 | D:4      | Found a glowing drain.
  2655 | D:4      | Reached XP level 5. HP: 18/31 MP: 3/8
  2738 | Sewer    | Entered a sewer
  2802 | Sewer    | Noticed Pargi
  2818 | Sewer    | Killed Pargi
  2819 | Sewer    | Reached skill level 3 in Transmutations
  3020 | D:4      | Reached XP level 6. HP: 28/36 MP: 4/9
  3362 | D:4      | Reached skill level 5 in Earth Magic
  3459 | D:4      | Reached skill level 4 in Transmutations
  3641 | D:4      | Found a staircase to the Ecumenical Temple.
  3655 | Temple   | Entered the Ecumenical Temple
  3774 | Temple   | Became a worshipper of Gozag Ym Sagoz the Greedy
  4093 | D:5      | Entered Level 5 of the Dungeon
  4218 | D:5      | Reached XP level 7. HP: 24/41 MP: 6/10
  4611 | D:5      | Found a glowing golden altar of the Shining One.
  4945 | D:5      | Reached skill level 5 in Transmutations
  5295 | D:6      | Reached XP level 8. HP: 39/46 MP: 6/11
  5333 | D:6      | Learned a level 1 spell: Apportation
  5582 | D:6      | Reached skill level 6 in Transmutations
  6208 | D:6      | Reached skill level 7 in Transmutations
  7097 | D:7      | Reached XP level 9. HP: 43/51 MP: 8/12
  7167 | D:7      | Reached skill level 8 in Transmutations
  7284 | D:7      | Reached skill level 5 in Stealth
  7716 | D:7      | Reached skill level 1 in Fighting
  8345 | D:8      | Noticed a troll
  8813 | D:8      | Reached XP level 10. HP: 60/60 MP: 2/16
  8920 | D:8      | Found Peysore's General Store.
  8925 | D:8      | Bought a scroll of immolation for 45 gold pieces
  9200 | D:8      | Reached skill level 9 in Transmutations
 10601 | D:9      | Noticed a two-headed ogre
 10710 | D:9      | Killed a two-headed ogre
 10711 | D:9      | Reached skill level 10 in Transmutations
 10711 | D:9      | Reached skill level 10 in Earth Magic
 10905 | D:9      | Found Utic's Magic Scroll Shoppe.
 10910 | D:9      | Bought a scroll of blinking for 105 gold pieces
 10910 | D:9      | Bought a scroll of identify for 28 gold pieces
 10910 | D:9      | Bought a scroll of identify for 28 gold pieces
 10910 | D:9      | Bought a scroll of identify for 28 gold pieces
 10910 | D:9      | Bought a scroll of enchant weapon for 105 gold pieces
 11101 | D:9      | Found Yegara's Dragon-Slaying Spoils.
 11656 | D:10     | Entered Level 10 of the Dungeon
 11784 | D:10     | Noticed a gargoyle
 11970 | D:10     | Reached skill level 5 in Spellcasting
 12387 | D:10     | Learned a level 3 spell: Confusing Touch
 12556 | D:10     | Identified the +2 falchion of the Sage {holy, Str+3}
 12635 | D:10     | Reached XP level 11. HP: 64/64 MP: 16/18
 12668 | D:10     | Reached skill level 1 in Hexes
 12701 | D:10     | Found a staircase to the Orcish Mines.
 12871 | D:10     | Found a staircase to the Lair.
 13085 | D:10     | Noticed Josephine
 13804 | D:11     | Noticed a centaur warrior
 13861 | D:11     | Killed a centaur warrior
 14094 | D:11     | Found a portal to a secret trove of treasure.
 14158 | D:11     | Noticed Snorg
 14232 | D:11     | Killed Snorg
 14411 | D:11     | Identified the +6 rapier "Killer Klown's Foe" {flame, *Rage
                  | rF+ Str+4 Int+3}
 14534 | D:11     | Found Haadia Ylun's Weapon Shop.
 14643 | D:11     | Noticed a green ugly thing
 14658 | D:11     | Killed a green ugly thing
 14862 | D:11     | Reached skill level 11 in Transmutations
 15299 | D:11     | Noticed a two-headed ogre
 15309 | D:11     | Killed a two-headed ogre
 15816 | D:12     | Noticed a purple ugly thing
 15970 | D:12     | Noticed a storm dragon
 15999 | D:12     | Reached skill level 12 in Transmutations
 16050 | D:12     | Noticed a two-headed ogre
 16059 | D:12     | Killed a two-headed ogre
 16060 | D:12     | Reached XP level 12. HP: 70/74 MP: 17/21
 16337 | D:12     | Reached skill level 1 in Translocations
 16660 | D:12     | Noticed a boulder beetle
 16679 | D:12     | Killed a boulder beetle
 17077 | D:13     | Noticed a centaur warrior
 17101 | D:13     | Found a gate leading to a gauntlet.
 17252 | Gauntlet | Entered a Gauntlet
 17252 | Gauntlet | Found a transporter.
 17263 | Gauntlet | Found a transporter.
 17281 | Gauntlet | Found a transporter.
 17289 | Gauntlet | Found a transporter.
 17307 | Gauntlet | Found a transporter.
 17327 | Gauntlet | Found a transporter.
 17337 | Gauntlet | Noticed a hell hog
 17339 | Gauntlet | Found a transporter.
 17347 | Gauntlet | Noticed a reaper
 17353 | Gauntlet | Found a transporter.
 17362 | Gauntlet | Noticed a blizzard demon
 17365 | Gauntlet | Found a transporter.
 17373 | Gauntlet | Noticed a hell beast
 17377 | Gauntlet | Found a transporter.
 17501 | Gauntlet | Found a transporter.
 17501 | Gauntlet | Found a transporter.
 17503 | Gauntlet | Found a transporter.
 17534 | Gauntlet | Found a transporter.
 17536 | Gauntlet | Found a transporter.
 17551 | Gauntlet | Found a transporter.
 17567 | Gauntlet | Found a transporter.
 17987 | Gauntlet | HP: 8/171 [wolf spider (12)]
 17987 | Gauntlet | HP: 1/171 [redback (7)]
 17987 | Gauntlet | Annihilated by a wolf spider

Illustrated notes

Levels and vault maps discovered:
D:1:      eino_arrival_cavern_b, layout_basic,
          shapermc_ecumenical_altar_mp_vishouse
D:2:      layout_basic
D:3:      layout_loops_cross
D:4:      layout_loops_ring, minmay_temple_entry_tees, portal_sewer_entry_c
D:5:      layout_basic, tso_metal_star, nrook_uturn
D:6:      layout_basic
D:7:      layout_basic, serial_undead, serial_undead_f, serial_undead_b,
          serial_undead_a, serial_undead_a, serial_undead_b, serial_undead_a,
          chequers_serial_rivers_micro_a, minmay_misc_feat_enclosed
D:8:      layout_loops_ring, serial_shops, nicolae_shop_behind_doors
D:9:      layout_stronghold, serial_shops, nicolae_shop_crystal,
          nicolae_shop_dragon_depot
D:10:     layout_loops_ring, lair_entry_dummy, hiddenorc1_lemuel, st_stairs_10,
          uniq_josephine
D:11:     layout_basic, enter_trove_1, serial_shops, nicolae_stop_n_shop_1,
          minivault_27, uniq_snorg
D:12:     minmay_the_grid_four_pointed_star
          [minmay_the_grid_triangle_9x9_corrupted_corridor,
          minmay_the_grid_triangle_9x9_empty,
          minmay_the_grid_triangle_9x9_warning,
          minmay_the_grid_triangle_9x9_wacky_v,
          minmay_the_grid_prize_diamond_cup], layout_basic,
          nicolae_wu_jian_wuxing_cycle
D:13:     layout_roguey, gauntlet_entry_generic, nicolae_dithmenos_shadow_blocks
Temple:   mainiacjoe_temple_hex_bubbles
Gauntlet: gammafunk_gauntlet_one_two_three [gammafunk_gauntlet_arena_teeth,
          gammafunk_gauntlet_arena_spirals, nicolae_gauntlet_arena_flowing_pool,
          gammafunk_gauntlet_arena_hedges, nicolae_gauntlet_arena_x,
          nicolae_gauntlet_arena_t_cross, gammafunk_gauntlet_arena_crates,
          gammafunk_gauntlet_arena_split_x, gammafunk_gauntlet_arena_grid,
          gauntlet_exit_hidden_loot]

Skill      XL: |  1  2  3  4  5  6  7  8  9 10 11 12 |
---------------+-------------------------------------+-----
Stealth        | 3 4 6 8 9 |  9.1
Short Blades   | 1 2 4 |  4.0
Transmutations | 2 3 4 5 7 8 10 12 | 12.3
Earth Magic    | 4 5 6 8 10 | 10.4
Spellcasting   | 4 5 6 |  6.0
Fighting       | 2 4 |  4.9
Hexes          | 4 |  4.0
Translocations | 2 |  2.5
Dodging        | 3 |  3.4

Action                   |  1- 3 |  4- 6 |  7- 9 | 10-12 || total
-------------------------+-------+-------+-------+-------++-------
Melee: Unarmed           |     6 |       |       |       ||     6
       Tentacles         |    11 |    12 |    38 |    53 ||   114
       Constrict         |     8 |    12 |    25 |    23 ||    68
       Dagger            |    41 |    56 |   116 |   187 ||   400
       Punch             |       |     1 |     2 |     3 ||     6
       Rapier            |       |       |       |    15 ||    15
Throw: Stone             |       |       |     4 |       ||     4
       Dart              |       |       |     2 |    13 ||    15
 Cast: Sandblast         |    24 |    46 |    63 |   128 ||   261
       Passwall          |       |     2 |     4 |    15 ||    21
       Petrify           |       |     2 |    40 |    79 ||   121
       Confusing Touch   |       |       |       |     1 ||     1
Evoke: Wand              |       |       |       |     4 ||     4
  Use: Scroll            |       |       |     7 |     6 ||    13
       Potion            |       |       |       |     7 ||     7
 Stab: Sleeping          |    12 |    10 |     6 |    12 ||    40
       Petrified         |       |     3 |    82 |   136 ||   221
       Petrifying        |       |       |     1 |     4 ||     5
       Confused          |       |       |       |     2 ||     2
Armor: Skin              |     1 |     4 |     3 |    38 ||    46
Dodge: Dodged            |    27 |    36 |    27 |    53 ||   143
Block: Buckler           |       |    10 |     9 |    16 ||    35
